 Dungeon Crawl Stone Soup version 0.17-a0-1123-g6d3914c (console) character file.

238 Monkaria the Chopper (level 6, -1/37 HPs)
             Began as a Gargoyle Fighter on May 24, 2015.
             Killed from afar by Terence (6 damage)
             ... with a wand of flame
             ... on level 2 of the Dungeon.
             The game lasted 00:03:31 (1504 turns).

Monkaria the Chopper (Gargoyle Fighter)             Turns: 1504, Time: 00:03:31

Health: -1/37      AC: 11    Str: 22    XL:     6   Next: 7%
Magic:  6/6        EV:  7    Int:  8    God:
Gold:   54         SH:  9    Dex:  9    Spells: 0 memorised, 5 levels left

rFire  . . .     SeeInvis .     a - +0 war axe
rCold  . . .     Clarity  .     b - +0 scale mail
rNeg   + . .     SustAt   .     c - +0 shield
rPois  ∞         Gourm    .     (no helmet)
rElec  +         Spirit   .     (no cloak)
rCorr  .         Warding  .     (no gloves)
rMut   .         Stasis   .     (no boots)
MR     .....                    (no amulet)
Stlth  ..........               (no ring)
                                (no ring)

@: not resistant to hostile enchantments, extremely unstealthy
A: negative energy resistance 1, electricity resistance, unbreathing,
petrification resistance, rot immunity, AC +4
a: no special abilities


You were on level 2 of the Dungeon.
You were not hungry.

You visited 1 branch of the dungeon, and saw 2 of its levels.

You collected 54 gold pieces.

Inventory:

Hand weapons
 a - a +0 war axe (weapon)
 g - a +0 hand axe of freezing
Armour
 b - a +0 scale mail (worn)
 c - a +0 shield (worn)
Magical devices
 d - a wand of confusion (0)
Scrolls
 h - a scroll of remove curse {unknown}
 i - 2 scrolls of blinking {unknown}
 k - a scroll of random uselessness {unknown}
 o - a scroll of teleportation {unknown}
 p - a scroll of identify {unknown}
Potions
 f - 3 potions of curing
 l - a potion of heal wounds
Comestibles
 e - 2 bread rations
 j - a slice of pizza


   Skills:
 - Level 3.2 Fighting
 + Level 5.6 Axes
 - Level 3.2 Armour
 - Level 3.2 Shields


You had 5 spell levels left.
You didn't know any spells.

Dungeon Overview and Level Annotations

Branches:
Dungeon (2/15)

Altars:

Annotations:
D:2 Terence


Innate Abilities, Weirdness & Mutations

You are resistant to torment.
Your stone body is resilient (AC +4).
You are immune to poison.
You resist negative energy.
You are resistant to electric shocks.
You can survive without breathing.
You are immune to petrification.
You are immune to rotting.


Message History

You hit Terence.
Terence is severely wounded.
You miss the adder.
The adder is lightly wounded.
You block the adder's attack. Terence hits you with a flail.
The adder bites you.
You barely miss Terence.
Terence is severely wounded.
You hit the adder.
The adder is heavily wounded.
The adder bites you but does no damage.
Terence zaps a wand.
The puff of flame hits you!
* * * LOW HITPOINT WARNING * * *
Unknown command.
You hit Terence but do no damage.
Terence is severely wounded.
You closely miss the adder.
The adder is heavily wounded.
You block the adder's attack.
Terence zaps a wand.
The puff of flame hits you!
You die...

#.........#.#...................#
#.......###.#.........##.###.##.#
.#.....####.#.........##......#.#
.#.....##...#......##.........#.#
.#.....##...#.)....##.........#.#
.#.....##....##..####........ #..
.#.....###...###......##.....##..
##.....##.....##.................
#......#.......@@.........#.....
#......#.......S................
##.....##.......................
##.#........#...#.###...........
##...######......#.# #+###.##..
.....#####.......#.# #.##..
.........+...##### # ##....
...#######... #.... ...+.....
#....


You could see Terence and an adder.

Vanquished Creatures
  Sigmund (D:2)
  Jessica (D:2)
  2 adders (D:2)
  An ooze (D:1)
  A giant gecko (D:1)
  3 bats (D:1)
  A giant cockroach (D:2)
  5 goblins (D:1)
  7 hobgoblins
  3 jackals (D:1)
  A ball python (D:2)
  2 giant newts (D:1)
  2 kobolds (D:2)
  4 rats
34 creatures vanquished.

Notes
Turn   | Place    | Note
--------------------------------------------------------------
     0 | D:1      | Monkaria the Gargoyle Fighter began the quest for the Orb.
     0 | D:1      | Reached XP level 1. HP: 14/14 MP: 1/1
    77 | D:1      | Reached XP level 2. HP: 19/19 MP: 2/2
   500 | D:1      | Reached XP level 3. HP: 21/23 MP: 3/3
   794 | D:2      | Noticed Jessica
   842 | D:2      | Killed Jessica
   842 | D:2      | Reached XP level 4. HP: 19/28 MP: 4/4
  1177 | D:2      | Noticed Sigmund
  1209 | D:2      | Killed Sigmund
  1209 | D:2      | Reached skill level 5 in Axes
  1209 | D:2      | Reached XP level 5. HP: 10/32 MP: 5/5
  1225 | D:2      | Reached XP level 6. HP: 13/37 MP: 6/6
  1491 | D:2      | Noticed Terence
  1504 | D:2      | Killed from afar by Terence

Vault maps used:
D:1:      minmay_arrival_diagonal_passages, st_stairs_13
D:2:      uniq_crazy_yiuf_cottage, uniq_sigmund, uniq_jessica, uniq_terence

Action                   |  1- 3 |  4- 6 || total
-------------------------+-------+-------++-------
Melee: War axe           |    96 |    53 ||   149
  Use: Potion            |     2 |     3 ||     5
  Eat: Chunk             |       |     2 ||     2
